 Dungeon Crawl Stone Soup version 0.23.0 (webtiles) character file.

Game seed: 13532799570977429488

328006 Kairos the Hoplite (level 21, -2/115 HPs)
             Began as a Vine Stalker Fighter on Feb 11, 2019.
             Was the Champion of Okawaru.
             Slain by a large slime creature (7 damage)
             ... on level 2 of the Vaults.
             The game lasted 02:22:49 (36833 turns).

Kairos the Hoplite (Vine Stalker Fighter)          Turns: 36833, Time: 02:22:50

Health: -2/115     AC: 10    Str: 31    XL:     21   Next: 68%
Magic:  0/33       EV: 21    Int: 12    God:    Okawaru [******]
Gold:   2313       SH: 32    Dex: 14    Spells: 32/35 levels left

rFire    + . .     SeeInvis .   z - +7 demon whip (freeze)
rCold    + . .     Gourm    .   A - +7 large shield {AC+3}
rNeg     . . .     Faith    +   g - +5 plate armour of Watchfulness {Str+4 Int+2}
rPois    .         Spirit   +   d - +2 hat {MR+}
rElec    .         Reflect  .   U - scarf {rC+ rF+}
rCorr    .         Harm     .   j - +0 pair of gloves
MR       +++..                  C - +1 pair of boots {Fly}
Stlth    ..........             T - amulet of faith
HPRegen  1.09/turn              m - ring of Phasing {EV+8}
MPRegen  0.23/turn              R - ring of Robustness {AC+8}

@: about to teleport, corroded, flying, studying 2 skills
A: fangs 3, horns 1, regeneration 2, shaggy fur 1, magic shield, antimagic bite,
no potion heal 3, rot immunity
}: 2/15 runes: decaying, serpentine
a: Heroism, Finesse, Renounce Religion, Stop Flying


You were on level 2 of the Vaults.
You worshipped Okawaru.
Okawaru was exalted by your worship.
You were hungry.

You visited 8 branches of the dungeon, and saw 36 of its levels.
You also visited: Bailey, Ice Cave and Wizlab.

You collected 5103 gold pieces.
You spent 2790 gold pieces at shops.

Inventory:

Hand Weapons
 n - the +7 sceptre of Torment {pain, torment}
   (Okawaru gifted it to you on level 1 of the Vaults)

   In the hands of one skilled in necromantic magic, it inflicts extra damage on
   living creatures.
 v - the +6 whip "Cannam" {slash, rF++}
   (You found it on level 4 of the Dungeon)

   It inflicts extra damage upon your enemies.
   It greatly protects you from fire.
 z - a +7 demon whip of freezing (weapon)
 X - the +11 war axe of the Sybil {holy, Str+5}
   (Okawaru gifted it to you on level 2 of the Snake Pit)

   It has been blessed by the Shining One to cause great damage to the undead
   and demons.
   It affects your strength (+5).
Missiles
 G - 12 throwing nets (quivered)
 P - 4 silver tomahawks
Armour
 d - a +2 hat of magic resistance (worn)
 g - the +5 plate armour of Watchfulness (worn) {Str+4 Int+2}
   (You found it on level 14 of the Dungeon)

   It affects your strength (+4).
   It affects your intelligence (+2).
 j - a +0 pair of gloves (worn)
 A - a +7 large shield of protection (worn)
 C - a +1 pair of boots of flying (worn)
 D - the +5 scale mail of the Spider Nest {rPois rC++ rN+ Str+2}
   (Okawaru gifted it to you on level 3 of the Swamp)

   It affects your strength (+2).
   It greatly protects you from cold.
   It protects you from poison.
   It protects you from negative energy.
 U - a scarf of resistance (worn)
Jewellery
 m - the ring of Phasing (left hand) {EV+8}
   (You found it on level 3 of the Snake Pit)

   [ring of evasion]

   It affects your evasion (+8).
 w - an uncursed ring of protection from magic
 B - an uncursed ring of protection from fire
 F - an uncursed ring of positive energy
 Q - the ring of a Billion Scars {-Tele rElec MP+9 Str+5 SInv}
   (You took it off a deep elf death mage on level 3 of the Elven Halls)

   [ring of magical power]

   It affects your strength (+5).
   It insulates you from electricity.
   It affects your magic capacity (+9).
   It lets you see invisible.
   It prevents most forms of teleportation.
 R - the ring of Robustness (right hand) {AC+8}
   (You took it off a deep elf annihilator on level 3 of the Elven Halls)

   [ring of protection]

   It affects your AC (+8).
 T - an amulet of faith (around neck)
 W - an uncursed ring of protection from cold
Wands
 p - a wand of clouds (6)
 y - a wand of digging (5)
 O - a wand of acid (10)
 S - a wand of iceblast (41)
Scrolls
 a - 4 scrolls of summoning
 b - 3 scrolls of immolation
 i - 6 scrolls of fear
 l - 9 scrolls of teleportation
 r - 3 scrolls of blinking
 s - 2 scrolls of magic mapping
 t - 11 scrolls of remove curse
 M - a scroll of silence
 N - 6 scrolls of enchant weapon
 Y - 2 scrolls of identify
 Z - 2 scrolls of holy word
Potions
 e - 2 potions of ambrosia
 k - 7 potions of lignification
 o - 6 potions of haste
 q - 9 potions of curing
 u - 7 potions of agility
 x - 4 potions of flight
 E - 3 potions of cancellation
 H - 7 potions of mutation
 I - 4 potions of resistance
 J - a potion of invisibility
 K - 3 potions of berserk rage
 L - 2 potions of brilliance
 V - a potion of might
Books
 c - a manual of Summonings
 h - a manual of Shields
Comestibles
 f - 57 rations


   Skills:
 + Level 14.1 Fighting
 + Level 4.0(10.3) Axes
 + Level 13.9(14.1) Maces & Flails
   Level 2.8(3.8) Polearms
 + Level 11.6 Armour
 + Level 9.6 Dodging
 + Level 4.2 Stealth
 + Level 21.7 Shields
 + Level 7.6 Spellcasting
 + Level 8.1 Translocations
 + Level 2.2 Invocations
 + Level 1.4 Evocations


You had 32 spell levels left.
You knew the following spells:

 Your Spells              Type           Power        Failure   Level  Hunger
a - Apportation           Tloc           ###...       5%          1    None
b - Blink                 Tloc           N/A          8%          2    #......

Your spell library contained the following spells:

 Spells                   Type           Power        Failure   Level  Hunger
 Gell's Gravitas          Tloc           ###.......   16%         3    ##.....
 Lesser Beckoning         Tloc           ###.......   16%         3    ##.....
 Teleport Other           Tloc           ###.....     16%         3    ##.....
 Shroud of Golubria       Chrm/Tloc      ##........   38%         2    #......
 Passage of Golubria      Tloc           N/A          45%         4    ####...
 Portal Projectile        Hex/Tloc       ##....       63%         3    ##.....
 Animate Skeleton         Necr           N/A          83%         1    None
 Confusing Touch          Hex            #.....       83%         1    None
 Corona                   Hex            #......      83%         1    None
 Flame Tongue             Conj/Fire      #....        83%         1    None
 Magic Dart               Conj           #...         83%         1    None
 Sandblast                Erth           #.....       83%         1    None
 Shock                    Conj/Air       #...         83%         1    None
 Summon Butterflies       Summ           #.......     83%         1    None
 Summon Small Mammal      Summ           #...         83%         1    None
 Call Imp                 Summ           #.......     92%         2    #......
 Corpse Rot               Necr           N/A          92%         2    #......
 Passwall                 Tmut/Erth      #.......     92%         2    #......
 Poisonous Vapours        Pois/Air       #.....       92%         2    #......
 Searing Ray              Conj           #.....       92%         2    #......
 Slow                     Hex            #.......     92%         2    #......
 Sublimation of Blood     Necr           #.........   92%         2    #......
 Swiftness                Chrm/Air       #.......     92%         2    #......
 Force Lance              Conj/Tloc      ##......     95%         4    ####...
 Conjure Flame            Conj/Fire      #.......     99%         3    ##.....
 Inner Flame              Hex/Fire       #.......     99%         3    ##.....
 Mephitic Cloud           Conj/Pois/Air  #.......     99%         3    ##.....
 Static Discharge         Conj/Air       #.......     99%         3    ##.....
 Stone Arrow              Conj/Erth      #.....       99%         3    ##.....
 Tukima's Dance           Hex            #.......     99%         3    ##.....
 Airstrike                Air            #.........   100%        4    ####...
 Cause Fear               Hex            #.........   100%        4    ####...
 Leda's Liquefaction      Hex/Erth       #.........   100%        4    ####...
 Petrify                  Tmut/Erth      #.......     100%        4    ####...
 Summon Lightning Spire   Summ/Air       #.......     100%        4    ####...
 Agony                    Necr           #.......     100%        5    ######.
 Alistair's Intoxication  Tmut/Pois      #.......     100%        5    ######.
 Bolt of Draining         Conj/Necr      #.........   100%        5    ######.
 Dispel Undead            Necr           #.......     100%        5    ######.
 Excruciating Wounds      Chrm/Necr      #.........   100%        5    ######.
 Irradiate                Conj/Tmut      #.........   100%        5    ######.
 Lee's Rapid Deconstruct  Erth           #.........   100%        5    ######.
 Lightning Bolt           Conj/Air       #.........   100%        5    ######.
 Metabolic Englaciation   Hex/Ice        #.........   100%        5    ######.
 Silence                  Hex/Air        #.........   100%        5    ######.
 Bolt of Fire             Conj/Fire      #.........   100%        6    #######
 Conjure Ball Lightning   Conj/Air       #.........   100%        6    #######
 Deflect Missiles         Chrm/Air       #.........   100%        6    #######
 Dispersal                Tloc           ###.......   100%        6    #######
 Freezing Cloud           Conj/Ice/Air   #.........   100%        6    #######
 Hydra Form               Tmut           #.........   100%        6    #######
 Invisibility             Hex            #.......     100%        6    #######
 Iron Shot                Conj/Erth      #.........   100%        6    #######
 Statue Form              Tmut/Erth      #........    100%        6    #######
 Dragon Form              Tmut           #.........   100%        7    #######
 Haunt                    Necr/Summ      #.........   100%        7    #######
 Ring of Flames           Chrm/Fire      #.........   100%        7    #######
 Borgnjor's Revivificati  Necr           #.........   100%        8    #######
 Controlled Blink         Tloc           N/A          100%        8    #######
 Death's Door             Chrm/Necr      #.........   100%        8    #######
 Disjunction              Tloc           ###.......   100%        8    #######
 Infestation              Necr           #.........   100%        8    #######
 Lehudib's Crystal Spear  Conj/Erth      #.........   100%        8    #######
 Necromutation            Tmut/Necr      #.........   100%        8    #######
 Dragon's Call            Summ           #.........   100%        9    #######
 Tornado                  Air            #.........   100%        9    #######


Dungeon Overview and Level Annotations

Branches:
Dungeon (14/15)            Temple (1/1) D:7            Lair (6/6) D:11
  Swamp (4/4) Lair:2        Snake (4/4) Lair:3        Slime (0/5) Lair:5
    Orc (2/2) D:10            Elf (3/3) Orc:2        Vaults (2/5) D:14
  Crypt (0/3) Vaults:2

Altars:
Ashenzari
Cheibriados
Dithmenos
Elyvilon
Fedhas
Gozag
Hepliaklqana
Kikubaaqudgha
Makhleb
Nemelex Xobeh
Okawaru
Qazlal
Ru
Sif Muna
Trog
Uskayaw
Vehumet
Wu Jian
Xom
Yredelemnul
Zin
The Shining One
Beogh
Jiyva

Shops:
D:5 =   D:8 !   D:9 *   D:10 (   D:12 *   D:13 =(%=   Orc:2 [%}   Snake:2 ?
Snake:4 [!=!

Portals:
Pandemonium: Orc:2

Annotations:
D:8 2 transporters, Leszczynek's ghost, journeyman TeEn; Maurice
Lair:2 exclusion: 3 oklob plants
Lair:5 1 runed translucent door


Innate Abilities, Weirdness & Mutations

You have razor-sharp teeth.
You heal very quickly.
When hurt, damage is shared between your health and your magic reserves.
Your bite disrupts and absorbs the magic of your enemies.
Potions cannot restore your health.
You are immune to rotting.
You have a pair of small horns on your head.
You are covered in fur. (AC +1)


Message History

The vault guard hits you with a +0 broad axe!
* * * LOW HITPOINT WARNING * * *
Something barely misses you. Something bites you but does no damage.
You block the large slime creature's attack.
You barely miss the vault guard. Your bite misses the vault guard.
The vault guard is almost dead.
You block the flying skull's attack. You block the redback's attack.
You hit the vault guard. You freeze the vault guard.
The vault guard blocks your attack.
You bite the vault guard, but do no damage.
The vault guard is almost dead.
The flying skull closely misses you. The redback misses you.
The large slime creature hits you!!!
* * * LOW HITPOINT WARNING * * *
You block the vault guard's attack.
You reach down and open the door.
You block the flying skull's attack. You block something's attack. x2
The redback bites you but does no damage.
The large slime creature hits you!
You die...

.....................#
.....................#
.....................#
.#############.......#
..... ..#.......#
.....##.#.......#
......#.#..<....#
#.sJ{'.......#
##{s@#.......#
..>...pz#........
##.##..a#........ #
#....#........
....#.#.....$..
....##.#........ .....
..#....... ##### ###


You could see a vault guard, an entropy weaver, a large slime creature, 2
redbacks and a flying skull.

Vanquished Creatures
  Saint Roka (Snake:4)
  Nikola (Elf:2)
  An Ice Fiend (IceCv)
  A moon troll (WizLab)
  2 deep elf master archers (Elf:3)
  2 deep elf blademasters (Elf:3)
  A quicksilver dragon (WizLab)
  9 tentacled starspawn (WizLab)
  Gastronok (D:8)
  5 thorn hunters
  Roxanne (Snake:2)
  9 nagarajas
  8 deep elf sorcerers
  3 vault wardens
  3 cacodemons (WizLab)
  7 deep elf elementalists
  9 ironheart preservers
  A war gargoyle (WizLab)
  2 very ugly things
  2 stone giants (WizLab)
  6 deep elf demonologists
  6 deep elf annihilators
  2 large abominations (Elf:3)
  3 deep elf death magi (Elf:3)
  Snorg (D:14)
  2 crystal guardians (WizLab)
  2 fire dragons
  2 deep elf high priests
  Josephine (D:12)
  3 ice dragons
  4 great orbs of eyes (WizLab)
  2 yaktaur captains (Vaults:1)
  4 vault guards
  Fannar (Lair:3)
  A rakshasa (Vaults:1)
  15 hydras
  A catoblepas (Lair:6)
  11 naga warriors
  18 anacondas
  4 centaur warriors
  2 ghost crabs (Swamp:4)
  2 shambling mangroves
  21 dancing weapons
  9 two-headed ogres
  A tengu warrior (D:14)
  7 death yaks
  3 ogre magi (Vaults:1)
  11 alligators
  A small abomination (Elf:3)
  7 orc high priests (Orc:2)
  9 shock serpents
  10 naga sharpshooters
  Sonja (Lair:2)
  2 soul eaters (Orc:2)
  Nergalle (Lair:1)
  12 deep elf knights
  A sixfirhy (Orc:2)
  A shadow wraith (Vaults:1)
  9 sea snakes (Snake:4)
  A sea snake (shapeshifter) (Vaults:1)
  A skeletal warrior (Vaults:1)
  A spriggan druid (Swamp:4)
  A gelid demonspawn (Orc:2)
  4 naga ritualists
  An orange crystal statue (WizLab)
  3 salamander mystics
  5 deep trolls (Vaults:1)
  13 swamp dragons
  6 glowing orange brains (WizLab)
  A swamp dragon (shapeshifter) (Elf:3)
  9 deep elf archers
  3 harpies (Vaults:1)
  3 ironbrand convokers
  A lindwurm (Lair:6)
  9 starcursed masses (WizLab)
  10 orc knights
  5 ugly things
  39 deep elf magi
  7 mana vipers
  A wolf spider (shapeshifter) (Elf:3)
  2 wolf spiders (Vaults:1)
  4 orc sorcerers (Orc:2)
  2 manticores
  16 elephants (Lair:6)
  A salamander (shapeshifter) (Vaults:1)
  3 cyclopes
  11 salamanders
  5 vault sentinels (Vaults:1)
  36 black mambas
  7 guardian serpents
  7 eyes of devastation (WizLab)
  14 naga magi
  A smoke demon (Orc:2)
  3 gargoyles
  2 torpor snails (Lair:6)
  An ice statue (IceCv)
  7 freezing wraiths
  25 spiny frogs
  5 komodo dragons
  9 rime drakes
  5 yaktaurs
  7 ice devils
  2 efreet
  A red devil (Orc:2)
  4 anaconda simulacra (IceCv)
  10 hornets
  A meliai (shapeshifter) (Vaults:2)
  4 trolls
  9 tyrant leeches
  14 blink frogs
  5 bog bodies
  3 dream sheep (Lair:6)
  19 slime creatures
  11 hippogriffs
  4 shadows
  A water elemental (Elf:3)
  6 spriggans
  35 yaks
  An air elemental (Elf:3)
  A dire elephant simulacrum (IceCv)
  6 wraiths
  3 wyverns
  3 golden eyes (WizLab)
  4 basilisks
  6 fire elementals
  A human (D:13)
  A chaos spawn (Orc:2)
  5 hungry ghosts
  A neqoxec (WizLab)
  14 vampire mosquitoes
  8 insubstantial wisps
  53 nagas
  2 harpy simulacra (IceCv)
  5 iron troll simulacra (IceCv)
  A soldier ant (D:13)
  11 swamp worms
  14 water moccasins
  4 wargs
  2 acid dragons
  6 hydra simulacra (IceCv)
  10 porcupines
  52 orc warriors
  11 swamp drakes
  6 ice beasts
  4 sky beasts
  2 phantoms
  5 black bears
  An ettin simulacrum (IceCv)
  17 ogres
  3 boggarts (Vaults:1)
  40 wolves
  6 necrophages
  7 centaurs
  10 crocodiles
  4 big kobolds
  16 bullfrogs
  3 earth elementals
  8 gnoll sergeants (Bailey)
  2 jellies (D:6)
  3 scorpions
  11 wights
  3 howler monkeys (D:12)
  7 crimson imps
  A quasit (D:9)
  3 centaur zombies
  8 hounds
  2 human simulacra (Vaults:1)
  29 orc priests
  6 draconian simulacra (IceCv)
  2 bullfrog skeletons
  31 orc wizards
  2 centaur skeletons
  7 gnoll shamans
  6 iguanas
  7 hell rats (Lair:2)
  3 troll simulacra (IceCv)
  A spriggan simulacrum (IceCv)
  11 worker ants
  2 centaur simulacra (IceCv)
  2 hound skeletons
  A worker ant zombie (D:8)
  A howler monkey skeleton (D:8)
  29 gnolls
  2 naga simulacra (IceCv)
  14 adders
  2 gnoll zombies (D:6)
  An orc zombie (D:6)
  3 ogre simulacra (IceCv)
  5 shadow imps
  5 white imps (IceCv)
  4 ufetubi (IceCv)
  An ooze (D:2)
  An adder zombie (D:7)
  5 worms
  2 dart slugs
  5 leopard geckos
  113 orcs
  2 ball pythons
  6 bats
  6 giant cockroaches
  7 goblins
  8 hobgoblins
  11 jackals
  28 kobolds
  4 quokkas
  7 frilled lizards
  A leopard gecko zombie (D:5)
  7 rats
  A butterfly (Lair:3)
  2 crawling corpses (Elf:3)
  15 starspawn tentacles (WizLab)
1499 creatures vanquished.

Vanquished Creatures (others)
  A deep elf archer (Elf:2)
  2 deep elf magi
  A rime drake (Swamp:4)
  3 briar patches (Swamp:4)
  A bush (Lair:6)
  A demonic plant (WizLab)
  15 fungi
  9 plants
  22 starspawn tentacles (WizLab)
55 creatures vanquished.

Grand Total: 1554 creatures vanquished

Notes
Turn   | Place    | Note
-------+----------+-------------------------------------------
     0 | D:1      | Kairos the Vine Stalker Fighter began the quest for the
                  | Orb.
     0 | D:1      | Reached XP level 1. HP: 11/11 MP: 2/2
   188 | D:1      | Reached XP level 2. HP: 4/16 MP: 1/3
   487 | D:1      | Reached skill level 3 in Shields
   544 | D:1      | Reached XP level 3. HP: 19/19 MP: 4/4
  1333 | D:2      | Gained mutation: Your natural rate of healing is unusually
                  | fast. [Vine Stalker growth]
  1333 | D:2      | Reached XP level 4. HP: 24/24 MP: 5/5
  2007 | D:3      | Reached XP level 5. HP: 27/28 MP: 6/6
  2366 | D:4      | Got an ichor-stained whip
  2367 | D:4      | Identified the +6 whip "Cannam" {slash, rF++} (You found it
                  | on level 4 of the Dungeon)
  2400 | D:4      | Found a sacrificial altar of Ru.
  2455 | D:4      | Reached XP level 6. HP: 15/32 MP: 4/7
  2707 | D:4      | Reached skill level 1 in Maces & Flails
  2844 | D:5      | Entered Level 5 of the Dungeon
  2902 | D:5      | Reached XP level 7. HP: 26/36 MP: 6/8
  2915 | D:5      | Reached skill level 1 in Dodging
  3031 | D:5      | Reached skill level 4 in Shields
  3038 | D:5      | Found a white marble altar of Elyvilon.
  3041 | D:5      | Found a blossoming altar of Fedhas.
  3044 | D:5      | Found a stormy altar of Qazlal.
  3074 | D:5      | Found a snail-covered altar of Cheibriados.
  3177 | D:5      | Found Soke's Jewellery Shop.
  3304 | D:5      | You fall through a shaft for 2 floors!
  3408 | D:6      | Gained mutation: You have razor-sharp teeth. [Vine Stalker
                  | growth]
  3408 | D:6      | Reached XP level 8. HP: 31/42 MP: 6/9
  3540 | D:5      | Found an opulent altar of Gozag.
  3800 | D:6      | Reached skill level 1 in Stealth
  3814 | D:6      | Found a transporter.
  3918 | D:6      | Found a transporter.
  3978 | D:6      | Found a shimmering altar of Xom.
  4045 | D:6      | Reached skill level 5 in Shields
  4149 | D:6      | Reached skill level 5 in Maces & Flails
  4399 | D:7      | Found a staircase to the Ecumenical Temple.
  4401 | D:7      | Noticed a hippogriff
  4411 | D:7      | Killed a hippogriff
  4411 | D:7      | Reached XP level 9. HP: 39/45 MP: 10/10
  4419 | Temple   | Entered the Ecumenical Temple
  4661 | D:7      | Reached skill level 5 in Armour
  4802 | D:7      | Reached skill level 6 in Shields
  5245 | D:8      | Noticed a two-headed ogre
  5258 | D:8      | Killed a two-headed ogre
  5273 | D:8      | Found a flagged portal.
  5287 | D:8      | Found Woasaaj's Distillery.
  5297 | D:8      | Found an opulent altar of Gozag.
  5374 | Bailey   | Entered a bailey
  5502 | Bailey   | Reached skill level 7 in Shields
  5555 | Bailey   | Reached XP level 10. HP: 36/50 MP: 11/11
  5891 | Bailey   | Got a vibrating brass ring
  5893 | Bailey   | Identified the ring "Totoqera" {Slay+2 Stlth-} (You found
                  | it in a bailey)
  6128 | D:8      | Noticed Maurice
  6262 | D:8      | Noticed Leszczynek's ghost (journeyman TeEn)
  6292 | D:8      | Found a transporter.
  6294 | D:8      | Found a transporter.
  6369 | D:8      | Found an iron altar of Okawaru.
  6374 | D:8      | Became a worshipper of Warmaster Okawaru
  6517 | D:8      | Noticed Gastronok
  6546 | D:8      | Killed Gastronok
  6546 | D:8      | Reached * piety under Okawaru
  6546 | D:8      | Reached ** piety under Okawaru
  6546 | D:8      | Reached skill level 8 in Shields
  6742 | D:8      | Found a glowing silver altar of Zin.
  6961 | D:8      | Bought a potion of mutation for 88 gold pieces
  7048 | D:5      | Bought a cursed -2 ring of strength for 24 gold pieces
  7048 | D:5      | Bought a cursed -2 ring of dexterity for 24 gold pieces
  7048 | D:5      | Bought a cursed -3 ring of intelligence for 24 gold pieces
  7048 | D:5      | Bought a cursed -2 ring of evasion for 24 gold pieces
  7406 | D:9      | Reached XP level 11. HP: 54/54 MP: 12/12
  7712 | D:9      | Found a hazy altar of Hepliaklqana.
  7716 | D:9      | Found a shimmering altar of Xom.
  7716 | D:9      | Noticed a thorn hunter
  7718 | D:9      | Reached *** piety under Okawaru
  7719 | D:9      | Noticed a thorn hunter
  7737 | D:9      | Found Qategepn's Assorted Antiques.
  7822 | D:9      | Reached skill level 9 in Shields
  7920 | D:9      | Bought a ruby ring for 155 gold pieces
  7935 | D:10     | Entered Level 10 of the Dungeon
  7943 | D:10     | Found Feutym's Weapon Shoppe.
  8058 | D:10     | Noticed a two-headed ogre
  8068 | D:10     | Killed a two-headed ogre
  8068 | D:10     | Reached skill level 5 in Fighting
  8068 | D:10     | Reached skill level 1 in Evocations
  8112 | D:10     | Reached **** piety under Okawaru
  8334 | D:10     | Found a roughly hewn altar of Beogh.
  8334 | D:10     | Found a staircase to the Orcish Mines.
  8709 | D:11     | Noticed a two-headed ogre
  8726 | D:10     | Received a gift from Okawaru
  8854 | D:11     | Killed a two-headed ogre
  8921 | D:11     | Reached ***** piety under Okawaru
  8970 | D:11     | Found a staircase to the Lair.
  8974 | D:11     | Noticed a purple ugly thing
  8989 | D:11     | Killed a purple ugly thing
  8996 | D:11     | Identified the Compendium of Unstable Glamour
  9168 | D:11     | Noticed a five-headed hydra
  9175 | D:11     | Killed a five-headed hydra
  9175 | D:11     | Reached skill level 10 in Shields
  9409 | D:11     | Noticed a cyclops
  9606 | D:11     | Killed a cyclops
  9658 | Lair:1   | Entered Level 1 of the Lair of Beasts
  9694 | Lair:1   | Gained mutation: You heal very quickly. [Vine Stalker
                  | growth]
  9694 | Lair:1   | Reached XP level 12. HP: 60/60 MP: 13/13
  9747 | Lair:1   | Noticed a five-headed hydra
  9771 | Lair:1   | Killed a five-headed hydra
  9773 | Lair:1   | Received a gift from Okawaru
  9851 | Lair:1   | Noticed a four-headed hydra
  9863 | Lair:1   | Killed a four-headed hydra
  9908 | Lair:1   | Reached skill level 11 in Shields
 10062 | Lair:1   | Noticed Nergalle
 10086 | Lair:1   | Killed Nergalle
 11079 | Lair:2   | Received a gift from Okawaru
 11080 | Lair:2   | Got a pair of jewelled boots {god gift}
 11104 | Lair:1   | Identified the -5 pair of boots of Sounuhya {rN+ MR+ Str+2
                  | Int-5} (Okawaru gifted it to you on level 2 of the Lair of
                  | Beasts)
 11202 | Lair:2   | Found a staircase to the Swamp.
 11274 | Lair:2   | Reached skill level 10 in Maces & Flails
 11334 | Lair:2   | Found the +2 Maxwell's thermic engine {flame, freeze}
 11369 | Lair:2   | Reached ****** piety under Okawaru
 11464 | Lair:2   | Noticed Sonja
 11469 | Lair:2   | Reached skill level 12 in Shields
 11469 | Lair:2   | Reached XP level 13. HP: 58/65 MP: 14/14
 11470 | Lair:2   | Killed Sonja
 12317 | Lair:3   | Noticed Fannar
 12361 | Lair:3   | Killed Fannar
 12638 | Lair:3   | Found a staircase to the Snake Pit.
 12695 | Lair:3   | Identified a scroll of acquirement
 14017 | Lair:5   | Received a gift from Okawaru
 14135 | Lair:5   | Found a runed translucent door.
 14135 | Lair:5   | Noticed an azure jelly
 14136 | Lair:5   | Found a viscous altar of Jiyva.
 14136 | Lair:5   | Found a staircase to the Slime Pits.
 14136 | Lair:5   | Noticed an azure jelly
 14137 | Lair:5   | Noticed an azure jelly
 14735 | Lair:6   | Entered Level 6 of the Lair of Beasts
 14744 | Lair:6   | Received a gift from Okawaru
 14850 | Lair:6   | Reached skill level 13 in Shields
 14863 | Lair:6   | Received a gift from Okawaru
 14877 | Lair:6   | Got a smelly chain mail {god gift}
 14888 | Lair:6   | Identified the +1 chain mail of Wialuch {rPois Dex-2 SInv}
                  | (Okawaru gifted it to you on level 6 of the Lair of Beasts)
 14930 | Lair:6   | Reached XP level 14. HP: 68/70 MP: 16/16
 15924 | Lair:6   | Received a gift from Okawaru
 15992 | Lair:6   | Reached skill level 1 in Invocations
 16327 | Swamp:1  | Entered Level 1 of the Swamp
 16506 | Swamp:1  | Found a frozen archway.
 16515 | IceCv    | Entered an ice cave
 16665 | IceCv    | Reached skill level 14 in Shields
 17501 | IceCv    | Reached XP level 15. HP: 77/77 MP: 17/17
 17810 | IceCv    | Noticed an Ice Fiend
 17860 | IceCv    | Killed an Ice Fiend
 17889 | IceCv    | Got a scintillating diamond amulet
 17899 | IceCv    | Identified the amulet "Juxuph" {Gourm rF+ Dex+3} (You found
                  | it in an ice cave)
 18252 | Swamp:1  | Reached skill level 5 in Dodging
 18254 | Swamp:1  | Received a gift from Okawaru
 19634 | Swamp:2  | Reached skill level 1 in Spellcasting
 20560 | Swamp:3  | Noticed a thorn hunter
 20573 | Swamp:3  | Killed a thorn hunter
 20790 | Swamp:3  | Received a gift from Okawaru
 20807 | Swamp:3  | Got a jewelled scale mail {god gift}
 20818 | Swamp:3  | Identified the +5 scale mail of the Spider Nest {rPois rC++
                  | rN+ Str+2} (Okawaru gifted it to you on level 3 of the
                  | Swamp)
 20959 | Swamp:4  | Entered Level 4 of the Swamp
 20975 | Swamp:4  | Reached skill level 10 in Armour
 21035 | Swamp:4  | Noticed a thorn hunter
 21052 | Swamp:4  | Killed a thorn hunter
 21148 | Swamp:4  | Reached XP level 16. HP: 77/84 MP: 23/23
 21166 | Swamp:4  | Reached skill level 15 in Shields
 21312 | Swamp:4  | Reached skill level 5 in Spellcasting
 21333 | Swamp:4  | Noticed a thorn hunter
 21336 | Swamp:4  | Received a gift from Okawaru
 21364 | Swamp:4  | Killed a thorn hunter
 21412 | Swamp:4  | Noticed a thorn hunter
 21429 | Swamp:4  | Killed a thorn hunter
 21453 | Swamp:4  | Got a decaying rune of Zot
 21476 | Swamp:4  | Noticed a thorn hunter
 21496 | Swamp:4  | Killed a thorn hunter
 22227 | Snake:1  | Entered Level 1 of the Snake Pit
 22555 | Snake:1  | Received a gift from Okawaru
 23002 | Snake:1  | You are sucked into a shaft!
 23106 | Snake:2  | Reached skill level 10 in Fighting
 23139 | Snake:2  | Received a gift from Okawaru
 23203 | Snake:2  | Got a crude demon trident {god gift}
 23204 | Snake:2  | Identified the +4 demon trident of Kairos's Action {venom,
                  | rElec Stlth+} (Okawaru gifted it to you on level 2 of the
                  | Snake Pit)
 23258 | Snake:2  | Reached XP level 17. HP: 87/89 MP: 24/28
 23277 | Snake:2  | Reached skill level 16 in Shields
 23421 | Snake:2  | Found Utigh's Magic Scroll Boutique.
 23432 | Snake:2  | Bought a scroll of identify for 34 gold pieces
 23506 | Snake:2  | Identified Roxanne's Volume of Stones
 23506 | Snake:2  | Noticed Roxanne
 23529 | Snake:2  | Killed Roxanne
 23685 | Snake:2  | Learned a level 1 spell: Apportation
 23851 | Snake:2  | Received a gift from Okawaru
 23881 | Snake:2  | Got an encrusted war axe {god gift}
 23882 | Snake:2  | Identified the +11 war axe of the Sybil {holy, Str+5}
                  | (Okawaru gifted it to you on level 2 of the Snake Pit)
 24399 | Snake:3  | Found the ring of Phasing {EV+8}
 24596 | Snake:3  | Reached skill level 1 in Polearms
 24780 | Snake:4  | Entered Level 4 of the Snake Pit
 24810 | Snake:4  | Found Ilyeteam's Distillery.
 24812 | Snake:4  | Found Dino Liti's Distillery.
 24812 | Snake:4  | Found Ynamir's Jewellery Shop.
 24816 | Snake:4  | Found Yzypp's Armour Shop.
 25025 | Snake:4  | Received a gift from Okawaru
 25081 | Snake:4  | Bought an uncursed amulet of faith for 800 gold pieces
 25287 | Snake:4  | Received a gift from Okawaru
 25523 | Snake:4  | Reached skill level 17 in Shields
 25614 | Snake:4  | Noticed Saint Roka
 25651 | Snake:4  | Killed Saint Roka
 25651 | Snake:4  | Reached XP level 18. HP: 28/96 MP: 24/30
 25988 | Snake:4  | Received a gift from Okawaru
 26149 | Snake:4  | Got a serpentine rune of Zot
 26163 | Snake:4  | Got a black opal-encrusted ring mail {god gift}
 26174 | Snake:4  | Identified the +0 ring mail of Gluttony {*Contam rPois MR+
                  | Int+3 SInv} (Okawaru gifted it to you on level 4 of the
                  | Snake Pit)
 26189 | Snake:4  | Gained mutation: You occasionally shout uncontrollably at
                  | your foes. [mutagenic glow]
 26230 | Snake:4  | Lost mutation: You occasionally shout uncontrollably at
                  | your foes. [potion of mutation]
 26230 | Snake:4  | Gained mutation: You are covered in fur. (AC +1) [potion of
                  | mutation]
 26230 | Snake:4  | Gained mutation: You have a pair of small horns on your
                  | head. [potion of mutation]
 26490 | Snake:4  | Bought a potion of mutation for 176 gold pieces
 26768 | Orc:1    | Entered Level 1 of the Orcish Mines
 27302 | Orc:2    | Entered Level 2 of the Orcish Mines
 27467 | Orc:2    | Reached skill level 1 in Translocations
 27563 | Orc:2    | Found Bepteval's Magic Scroll Boutique.
 27571 | Orc:2    | Found Lokuimawk's Food Shop.
 27577 | Orc:2    | Reached skill level 18 in Shields
 27759 | Orc:2    | Received a gift from Okawaru
 27869 | Orc:2    | Found Niorph's Gadget Shoppe.
 27869 | Orc:2    | Found Wecserch's Antique Armour Emporium.
 27869 | Orc:2    | Found a one-way gate leading to the halls of Pandemonium.
 27881 | Orc:2    | Bought an ichor-stained plate armour for 616 gold pieces
 27891 | Orc:2    | Identified the cursed +0 plate armour of Fohemadwo {rF- rN+
                  | Str-2 Int+8} (You bought it in a shop on level 2 of the
                  | Orcish Mines)
 27982 | Orc:2    | Found a staircase to the Elven Halls.
 28372 | Elf:1    | Entered Level 1 of the Elven Halls
 28603 | Elf:1    | Reached XP level 19. HP: 75/102 MP: 23/31
 29219 | Elf:1    | Received a gift from Okawaru
 29398 | Elf:2    | Noticed Nikola
 29421 | Elf:2    | Killed Nikola
 29509 | Elf:2    | Found a huge runed translucent gate.
 29509 | Elf:2    | Found a huge runed translucent gate.
 29510 | Elf:2    | Found a huge runed translucent gate.
 29616 | Elf:2    | Learned a level 2 spell: Blink
 29815 | Elf:2    | Found a huge runed translucent gate.
 29815 | Elf:2    | Found a huge runed translucent gate.
 30026 | Elf:2    | Reached skill level 5 in Translocations
 30069 | Elf:2    | Reached skill level 19 in Shields
 30230 | Elf:3    | Entered Level 3 of the Elven Halls
 30276 | Elf:3    | Found a magical portal.
 30309 | WizLab   | Entered Lehudib's Moon Base
 30342 | WizLab   | Received a gift from Okawaru
 30346 | WizLab   | Got a bloodstained morningstar {god gift}
 30527 | WizLab   | Identified the +3 morningstar "Worm's Wrath" {elec, -Tele
                  | Fragile rPois rN+++} (Okawaru gifted it to you in a
                  | wizard's laboratory)
 30804 | WizLab   | Received a gift from Okawaru
 30862 | WizLab   | Found a transporter.
 30895 | WizLab   | Received a gift from Okawaru
 30944 | WizLab   | Reached XP level 20. HP: 108/108 MP: 32/32
 31155 | WizLab   | Found a transporter.
 31307 | WizLab   | Identified Lehudib's Collected Works on the Mountains and
                  | Damage Dealing
 32000 | Elf:3    | Received a gift from Okawaru
 32026 | Elf:3    | Noticed a Brimstone Fiend
 32121 | Elf:3    | Identified the +6 war axe of the Spinneret {drain, rF++
                  | rC-}
 32229 | Elf:3    | Identified the ring of a Billion Scars {-Tele rElec MP+9
                  | Str+5 SInv}
 32455 | Elf:3    | Identified the +10 hand axe of the Known World {pain, +Fly
                  | rPois}
 32467 | Elf:3    | Reached skill level 20 in Shields
 32497 | Elf:3    | Identified the ring of Deinul {*Drain +Fly rElec Int+4}
 32508 | Elf:3    | Received a gift from Okawaru
 32909 | Elf:3    | Got a heavily runed granite ring
 32911 | Elf:3    | Identified the ring "Wocuigh" {+Fly Dex+4} (You found it on
                  | level 3 of the Elven Halls)
 33261 | D:12     | Noticed Josephine
 33267 | D:12     | Killed Josephine
 33731 | D:12     | Found Jule's Assorted Antiques.
 34079 | D:13     | Found Paxof's Food Shoppe.
 34182 | D:13     | Found Utait's Jewellery Emporium.
 34197 | D:13     | Found an opulent altar of Gozag.
 34253 | D:13     | Found Siuj's Jewellery Emporium.
 34268 | D:13     | Bought an uncursed amulet of rage for 440 gold pieces
 34268 | D:13     | Bought an uncursed ring of see invisible for 165 gold
                  | pieces
 34268 | D:13     | Bought an uncursed ring of resist corrosion for 220 gold
                  | pieces
 34323 | D:13     | Found Wameimorph's Antique Weapon Emporium.
 34685 | D:14     | Identified the +5 plate armour of Watchfulness {Str+4
                  | Int+2} (You found it on level 14 of the Dungeon)
 34738 | D:14     | Found a gate to the Vaults.
 34779 | D:14     | Noticed Snorg
 34793 | D:14     | Killed Snorg
 34793 | D:14     | Reached XP level 21. HP: 114/114 MP: 33/33
 35355 | Vaults:1 | Entered Level 1 of the Vaults
 35654 | Vaults:1 | Received a gift from Okawaru
 35655 | Vaults:1 | Found the +7 sceptre of Torment {pain, torment}
 35774 | Vaults:1 | Reached skill level 21 in Shields
 36257 | Vaults:1 | Received a gift from Okawaru
 36787 | Vaults:2 | Found a staircase to the Crypt.
 36832 | Vaults:2 | HP: 4/115 [large slime creature (21)]
 36833 | Vaults:2 | Slain by a large slime creature

Skill      XL: |  1  2  3  4  5  6  7  8  9 10 11 12 13 14 15 16 17 18 19 20 21 |
---------------+----------------------------------------------------------------+-----
Axes           | 2 3 4 |  4.0
Shields        | 3 4 5 7 8 10 12 13 14 15 17 18 19 20 21 | 21.7
Fighting       | 3 4 5 6 7 9 10 11 12 13 14 | 14.1
Armour         | 3 4 5 6 7 8 9 10 11 | 11.6
Maces & Flails | 1 3 5 6 7 9 10 11 12 13 | 13.9
Dodging        | 1 2 3 4 5 6 7 8 9 |  9.6
Stealth        | 1 2 3 4 |  4.2
Evocations     | 1 |  1.4
Invocations    | 1 2 |  2.2
Spellcasting   | 4 7 |  7.6
Polearms       | 2 |  2.8
Translocations | 3 6 8 |  8.1

Action                   |  1- 3 |  4- 6 |  7- 9 | 10-12 | 13-15 | 16-18 | 19-21 || total
-------------------------+-------+-------+-------+-------+-------+-------+-------++-------
Melee: War axe           |   123 |    88 |       |       |       |       |       ||   211
       Bite              |    35 |    40 |   107 |   285 |   585 |   735 |   564 ||  2351
       Whip              |       |    71 |   320 |   812 |   462 |     4 |       ||  1669
       Eveningstar       |       |       |       |       |   542 |       |   227 ||   769
       Demon whip        |       |       |       |       |   344 |  1643 |  1076 ||  3063
       Demon trident     |       |       |       |       |       |    47 |       ||    47
       Headbutt          |       |       |       |       |       |   122 |   376 ||   498
Throw: Throwing net      |       |       |       |     1 |       |       |       ||     1
Invok: Heroism           |       |       |       |     5 |    14 |     9 |     2 ||    30
       Finesse           |       |       |       |       |     1 |     1 |       ||     2
 Abil: Stop Flying       |       |       |       |       |     1 |       |       ||     1
       Evoke Flight      |       |       |       |       |     1 |       |       ||     1
Evoke: Wand              |       |       |     4 |     5 |     2 |       |       ||    11
  Use: Scroll            |       |     5 |     5 |     7 |    15 |     9 |    18 ||    59
       Potion            |       |       |     2 |     1 |       |     1 |       ||     4
 Stab: Paralysed         |       |     1 |       |       |       |       |       ||     1
       Held in net/web   |       |       |       |     1 |       |       |       ||     1
       Petrified         |       |       |       |       |     2 |       |       ||     2
       Confused          |       |       |       |       |     1 |       |       ||     1
       Petrifying        |       |       |       |       |     1 |       |       ||     1
       Distracted        |       |       |       |       |       |       |     1 ||     1
  Eat: Chunk             |     1 |     5 |     9 |    14 |    11 |    15 |    11 ||    66
       Ration            |       |       |       |     2 |     6 |     3 |     5 ||    16
Armor: Scale mail        |    64 |    56 |    62 |       |     9 |   258 |   110 ||   559
       Chain mail        |       |       |    20 |   195 |   318 |       |       ||   533
       Plate armour      |       |       |       |       |       |     2 |    27 ||    29
Dodge: Dodged            |    47 |    42 |    61 |   144 |   240 |   538 |   368 ||  1440
Block: Shield            |    71 |    80 |    15 |       |       |       |       ||   166
       Large shield      |       |       |   261 |   727 |  1091 |  1580 |  1258 ||  4917
